 Dungeon Crawl Stone Soup version 0.31.0-11-ge490571c62 (webtiles) character file.

Game seed: 4562380982446363878

60 qw the Shooter (level 3, 0/20 HPs)
             Began as a Deep Elf Hunter on Feb 4, 2024.
             Slain by an orc wizard
             ... wielding a +0 dagger
              (1 damage)
             ... on level 3 of the Dungeon.
             The game lasted 00:00:05 (1343 turns).

qw the Shooter (Deep Elf Hunter)                    Turns: 1343, Time: 00:00:05

Health: 0/20       AC:  8    Str: 10    XL:     3   Next: 80%
Magic:  5/5        EV: 11    Int: 13    God:
Gold:   120        SH:  0    Dex: 18    Spells: 2/2 levels left

rFire   . . .        a - +0 shortbow
rCold   . . .        (shield currently unavailable)
rNeg    . . .        j - +0 ring mail
rPois   .            h - +2 helmet
rElec   .            (no cloak)
rCorr   +            (no gloves)
SInv    .            (no boots)
Will    +....        (no amulet)
Stlth   +            i - ring of resist corrosion
HPRegen 0.23/turn    b - ring of willpower
MPRegen 0.09/turn

%: no passive effects
@: about to teleport
A: no striking features
a: no special abilities


You were on level 3 of the Dungeon.
You visited 1 branch of the dungeon, and saw 3 of its levels.

You collected 120 gold pieces.


   Skills:
 - Level 1.5 Fighting
 + Level 7.3 Ranged Weapons
 - Level 2.4 Dodging
 - Level 1.2 Stealth


You had 2 spell levels left.
You didn't know any spells.
Your spell library was empty.

Inventory:

Hand Weapons
 a - a +0 shortbow (weapon)
Armour
 h - a +2 helmet (worn)
 j - a +0 ring mail (worn)
Jewellery
 b - a ring of willpower (right hand)
 i - a ring of resist corrosion (left hand)
Scrolls
 f - a scroll of identify
Potions
 c - 2 potions of mutation
 g - a potion of might

Dungeon Overview and Level Annotations

Branches:
Dungeon (3/15)

Altars:


Message History

2 orcs and an orc priest come into view.
Found a book of Burglary.
The orc shouts!
The orc priest shouts!
The orc shouts!
The orc throws a boomerang.
The boomerang barely misses you.
There is an open door here.
You shoot an arrow. The arrow barely misses the orc wizard.
The orc throws a boomerang.
The boomerang hits you but does no damage.
You shoot an arrow. The arrow hits the orc.
The orc is moderately wounded.
The orc throws a boomerang.
The boomerang hits you.
You shoot an arrow.
The arrow hits the orc but does no damage.
The orc is moderately wounded.
You shoot an arrow. The arrow barely misses the orc.
The arrow hits the orc.
The orc is lightly wounded.
You shoot an arrow.
The arrow hits the orc but does no damage.
The orc is moderately wounded.
The orc hits you but does no damage.
The orc priest calls upon Beogh to heal the orc.
The orc's wounds heal themselves!
The orc priest calls down the wrath of Beogh upon you.
Beogh smites you!
Ouch! That really hurt!
The orc suddenly complains.
You shoot an arrow. The arrow hits the orc.
You kill the orc!
You shoot an arrow. The arrow hits the orc wizard.
The orc wizard is moderately wounded.
The orc wizard closely misses you. The orc barely misses you.
You shoot an arrow. The arrow hits the orc wizard!
The orc wizard is almost dead.
The orc wizard gestures at you while chanting.
The puff of flame hits you! The orc hits you but does no damage.
1343 ||| READING scroll of teleportation.
As you read the scroll of teleportation, it crumbles to dust.
You feel strangely unstable.
The orc wizard hits you with a +0 dagger.
You die...

##### #...#
#.#<# #@###
#.ooo......
#.?.o......
#..........
#.##.......
#. .....:.
.. .......
##. .......


You could see an orc priest, an orc wizard and 2 orcs.

Vanquished Creatures
  2 adders (D:2)
  An orc (D:3)
  3 bats
  6 endoplasms
  2 giant cockroaches
  3 goblins
  6 hobgoblins
  4 jackals (D:1)
  2 kobolds (D:2)
  A quokka (D:1)
  2 ball pythons (D:2)
  2 frilled lizards (D:2)
  2 rats
36 creatures vanquished.

Notes
Turn   | Place    | Note
-------+----------+-------------------------------------------
     0 | D:1      | qw the Deep Elf Hunter began the quest for the Orb.
     0 | D:1      | Reached XP level 1. HP: 12/12 MP: 3/3
     0 | D:1      | 0 ||| qw: Version: 0.3-a-160-g6735b56
     0 | D:1      | 0 ||| qw: Game counter: 5337
     0 | D:1      | 0 ||| qw: Melee chars always use a shield: true
     0 | D:1      | 0 ||| qw: God list: Okawaru
     0 | D:1      | 0 ||| qw: Allow faded altars: false
     0 | D:1      | 0 ||| qw: Do Orc after clearing Dungeon:15 true
     0 | D:1      | 0 ||| qw: Do second Lair branch before Depths: true
     0 | D:1      | 0 ||| qw: Lair rune preference: random
     0 | D:1      | 0 ||| qw: Goals: Normal
     0 | D:1      | 0 ||| PLANNING D:1-11
   117 | D:1      | Reached XP level 2. HP: 16/16 MP: 4/4
   148 | D:1      | Reached skill level 6 in Ranged Weapons
   264 | D:1      | Found a faded altar of an unknown god.
   479 | D:1      | 479 ||| UPGRADING to +0 scale mail.
   489 | D:1      | 489 ||| DROPPING +0 leather armour.
   490 | D:1      | 490 ||| UPGRADING to ring of resist corrosion.
   491 | D:1      | 491 ||| READING 2 scrolls labelled PYORCH REGH.
   494 | D:1      | 494 ||| READING 2 scrolls labelled KAANLI BALU.
   495 | D:1      | 495 ||| READING scroll labelled EFOCSU KIDEOSA.
   495 | D:1      | 495 ||| IDENTIFYING green potion
   496 | D:1      | 496 ||| DROPPING scroll of butterflies.
   497 | D:1      | 497 ||| DROPPING scroll of amnesia.
   563 | D:2      | Reached XP level 3. HP: 20/20 MP: 5/5
   686 | D:2      | Reached skill level 7 in Ranged Weapons
   697 | D:2      | 697 ||| READING 2 scrolls of identify.
   697 | D:2      | 697 ||| IDENTIFYING 2 glowing orange potions
   698 | D:2      | 698 ||| READING scroll of identify.
   698 | D:2      | 698 ||| IDENTIFYING scroll labelled SUNALO LAFUFAT
   729 | D:2      | 729 ||| DROPPING scroll of blinking.
  1301 | D:2      | 1301 ||| UPGRADING to +2 helmet.
  1306 | D:2      | 1306 ||| UPGRADING to +0 ring mail.
  1316 | D:2      | 1316 ||| DROPPING +0 scale mail.
  1317 | D:2      | 1317 ||| UPGRADING to ring of willpower.
  1342 | D:3      | HP: 1/20 [orc wizard/puff of flame (9)]
  1343 | D:3      | 1343 ||| READING scroll of teleportation.
  1343 | D:3      | Slain by an orc wizard

Levels and vault maps discovered:
D:1:      saegor_arrival_simple_b, layout_rooms, basic_ecumenical_altar,
          corexii_hall_statues_s
D:2:      layout_loops_corners, minmay_heptomino_h4
D:3:      layout_basic, nicolae_wu_jian_immortal_techniques,
          mainiacjoe_overflow_alcove_4

Skill      XL: |  1  2  3 |
---------------+----------+-----
Ranged Weapons | 6 7 |  7.3
Fighting       | |  1.5
Dodging        | |  2.4
Stealth        | |  1.2

Action                     || total
---------------------------++-------
   Fire: Shortbow          ||   123
    Use: Scroll            ||     6
 Armour: Leather armour    ||    16
         Scale mail        ||    11
         Ring mail         ||     6
  Dodge: Dodged            ||    33

Table legend:
 A = Non-vault XP
 B = Vault XP
 C = Vault XP percentage of total XP
 D = Non-vault monster count
 E = Vault monster count
 F = Vault count percentage of total count
                 A         B        C        D         E       F
            +---------+---------+-------+---------+---------+-------
      Total |      70 |      16 |  18.6 |      33 |       3 |   8.3
            +---------+---------+-------+---------+---------+-------
        D:1 |      31 |       0 |   0.0 |      16 |       0 |   0.0
        D:2 |      36 |      16 |  30.8 |      16 |       3 |  15.8
        D:3 |       3 |       0 |   0.0 |       1 |       0 |   0.0
            +---------+---------+-------+---------+---------+-------
